 Dungeon Crawl Stone Soup version 0.19-a0-1786-g230130f (webtiles) character file.

921 4thArraOfDagon the Grappler (level 7, -4/66 HPs)
             Began as a Troll Monk on Oct 3, 2016.
             Slain by an orc
             ... wielding a +0 trident of pain
              (7 damage)
             ... on level 8 of the Dungeon.
             The game lasted 00:03:52 (1238 turns).

4thArraOfDagon the Grappler (Troll Monk)            Turns: 1238, Time: 00:03:53

Health: -4/66      AC:  5    Str: 20    XL:     7   Next: 84%
Magic:  15/15      EV: 10    Int:  8    God:
Gold:   109        SH:  0    Dex: 12    Spells: 0 memorised, 6 levels left

rFire  + . .     SeeInvis .       - Unarmed
rCold  x . .     Gourm    +     a - +0 robe
rNeg   . . .     Faith    .     (no shield)
rPois  .         Spirit   .     (helmet restricted)
rElec  .         Dismiss  .     (no cloak)
rCorr  .         Reflect  .     (gloves unavailable)
MR     .....     Harm     .     (boots unavailable)
Stlth  +.........               (no amulet)
                                j - ring of fire
                                d - ring of magical power

@: no status effects
A: unfitting armour, claws 3, fast metabolism 3, gourmand, regeneration 1,
shaggy fur 1, tough skin 2
a: no special abilities


You were on level 8 of the Dungeon.
You were very full.

You visited 1 branch of the dungeon, and saw 9 of its levels.

You collected 109 gold pieces.

Inventory:

Hand Weapons
 i - a +0 giant spiked club
Armour
 a - a +0 robe (worn)
Jewellery
 d - a ring of magical power (left claw)
 e - an uncursed ring of flight
 j - a ring of fire (right claw)
Wands
 k - a wand of iceblast (2/15)
 l - a wand of paralysis (1/24)
Scrolls
 c - 2 scrolls of remove curse
 f - 2 scrolls of identify
 g - a scroll of teleportation
Potions
 m - a potion of degeneration {unknown}
Comestibles
 b - 2 bread rations
 h - a slice of pizza


   Skills:
 - Level 2.4 Fighting
 - Level 2.4 Dodging
 - Level 1.1 Stealth
 * Level 9.5 Unarmed Combat


You had 6 spell levels left.
You didn't know any spells.

Dungeon Overview and Level Annotations

Branches:
Dungeon (9/15)
 Temple: D:4-7         Lair: D:8-11         Orc: D:9-12

Altars:
Ru

Annotations:
D:2 Sigmund
D:4 Menkaure


Innate Abilities, Weirdness & Mutations

You are too large for most types of armour.
You have claws for hands.
Your metabolism is lightning-fast.
You like to eat raw meat.
Your natural rate of healing is unusually fast.
You are covered in fur. (AC +1)
You have very tough skin. (AC +2)


Message History

You claw the yak!
The yak is severely wounded.
The yak gores you!
* * * LOW HITPOINT WARNING * * *
Unknown command.
You barely miss the yak.
The yak is severely wounded.
The orc hits you with a trident of pain.
* * * LOW HITPOINT WARNING * * *
The yak gores you.
* * * LOW HITPOINT WARNING * * *
Unknown command.
You claw the yak!
The yak is almost dead.
The orc barely misses you.
Unknown command.
You claw the yak!
You kill the yak!
The orc hits you with a trident of pain!
You die...

##..##......
#...........
#...##.....#
#........>..
#.#.........
#.#.........
#.#.........
#.#†###.....
#.#@# ....
#<#o# #..
#.#.# .
#.#.# #.#.#
#.#.# #.#.#
#.#.# #.#.#


You could see an orc.

Vanquished Creatures
  A yak (D:8)
  2 wargs (D:8)
  A phantom (D:7)
  3 ogres
  2 orc wizards
  2 worker ants (D:7)
  3 adders
  An adder skeleton (D:6)
  2 worms (D:2)
  A dart slug (D:4)
  A leopard gecko (D:6)
  9 orcs
  A ball python (D:6)
  5 giant cockroaches
  A goblin (D:3)
  5 hobgoblins
  6 jackals
  A kobold (D:2)
  2 quokkas (D:7)
  3 bats
  A giant cockroach zombie (D:5)
53 creatures vanquished.

Notes
Turn   | Place    | Note
-------+----------+-------------------------------------------
     0 | D:1      | 4thArraOfDagon the Troll Monk began the quest for the Orb.
     0 | D:1      | Reached XP level 1. HP: 22/22 MP: 0/0
    70 | D:2      | Reached XP level 2. HP: 18/29 MP: 1/1
   125 | D:2      | Reached skill level 4 in Unarmed Combat
   164 | D:2      | Reached XP level 3. HP: 33/36 MP: 2/2
   264 | D:2      | Noticed Sigmund
   419 | D:4      | Noticed an ogre
   425 | D:4      | Killed an ogre
   425 | D:4      | Reached skill level 5 in Unarmed Combat
   425 | D:4      | Reached XP level 4. HP: 25/44 MP: 3/3
   520 | D:4      | Noticed Menkaure
   531 | D:5      | Entered Level 5 of the Dungeon
   540 | D:5      | Reached XP level 5. HP: 30/50 MP: 4/4
   582 | D:5      | Reached skill level 6 in Unarmed Combat
   821 | D:6      | Found a sacrificial altar of Ru.
   983 | D:7      | Noticed a phantom
   994 | D:7      | Killed a phantom
   994 | D:7      | Reached skill level 7 in Unarmed Combat
   994 | D:7      | Reached XP level 6. HP: 44/59 MP: 5/5
  1103 | D:8      | Noticed a warg
  1113 | D:8      | Noticed a warg
  1123 | D:8      | Killed a warg
  1123 | D:8      | Reached skill level 8 in Unarmed Combat
  1123 | D:8      | Reached XP level 7. HP: 25/66 MP: 6/6
  1188 | D:7      | Reached skill level 9 in Unarmed Combat
  1228 | D:9      | Noticed a yak
  1228 | D:9      | Noticed a yak
  1228 | D:9      | Noticed a yak
  1236 | D:8      | HP: 2/66 [yak (2)]
  1238 | D:8      | Killed a yak
  1238 | D:8      | Slain by an orc

Vault maps used:
D:1:      minmay_arrival_solitary_statue
D:2:      tso_altar, serial_curves, eino_curves_04, eino_curves_01,
          eino_curves_04, uniq_robin, uniq_sigmund
D:3:      lemuel_blue_sif_altar, uniq_iyjb
D:4:      uniq_menkaure
D:5:      first_bread, ashenzari_altar_1
D:6:      lemuel_coloured_pillars_altar, basic_altar, serial_co_window_serial,
          co_window_paths_b, co_window_paths_a, co_window_paths_b,
          co_window_of_opportunity_a, co_window_paths_b, co_window_paths_a,
          co_window_paths_b, co_window_2corner, co_window_paths_c,
          co_window_broadway_a, co_window_4corner_a, co_window_paths_e,
          glass_columns_b, glass_columns_a, glass_columns_b
D:8:      old_standard_altar, grunt_temple_overflow_open,
          erik_lair_orcish_takeover, uniq_maurice, uniq_joseph

Skill      XL: |  1  2  3  4  5  6  7 |
---------------+----------------------+-----
Unarmed Combat | 4 5 7 8 9 |  9.5
Fighting       | |  2.4
Dodging        | |  2.4
Stealth        | |  1.1

Action                   |  1- 3 |  4- 6 |  7- 9 || total
-------------------------+-------+-------+-------++-------
Melee: Unarmed           |    75 |    96 |    18 ||   189
       Punch             |     1 |     1 |       ||     2
Evoke: Wand              |       |     4 |     1 ||     5
  Use: Scroll            |     2 |     4 |       ||     6
       Potion            |       |     1 |       ||     1
 Stab: Sleeping          |     2 |       |       ||     2
       Paralysed         |       |     4 |     2 ||     6
  Eat: Chunk             |     5 |    10 |       ||    15
Armor: Robe              |    17 |    19 |     1 ||    37
Dodge: Dodged            |    38 |    39 |     7 ||    84
